AoeStats
← 150490644@

Arabia

508502182Analyzed
1v1 RM · 10d ago on Sep 22, 2026· 30m 53s· 2 players
Game mode
Random Map
Map size
Tiny (2 player)
Population
200
Speed
Normal
Resources
Standard
Victory
Conquest
Starting age
Dark Age
Ending age
Imperial Age
RankedLock teamsTeams togetherTeam positionsShared explorationLock speedFull tech treeHidden civsTurbo modeCheats
Victory
Defeat
🇮🇹 Franks · Italy
958
+16
🇮🇹 Random · Italy
952
-16
150490644@
7:00 Loom
9:14 Feudal Age
9:53 Double-Bit Axe
18:43 Castle Age
17:19 Gold Mining
20:01 Wheelbarrow
19:44 Scale Barding Armor
20:07 Horse Collar
25:57 Hand Cart
26:40 Forging
PEPPO100
8:24 Loom
11:38 Feudal Age
20:46 Castle Age
19:52 Forging
19:48 Scale Barding Armor
19:41 Double-Bit Axe
20:08 Gold Mining
22:12 Husbandry
23:25 Bow Saw
26:56 Iron Casting
27:58 Wheelbarrow
30:36 Gold Shaft Mining
33:48 Imperial Age
Connection lost

Rejoining the realm…

Still unreachable

The connection could not be restored.

Session expired

The server has moved on; the page needs a fresh start.